 Dungeon Crawl Stone Soup version 0.31-a0-1068-g5939ac1fb6 (webtiles) character file.

Game seed: 5805641313231425598

588 kae the Magician (level 7, -3/40 HPs)
             Began as a Deep Elf Fire Elementalist on Nov 23, 2023.
             Was an Initiate of Vehumet.
             Slain by a scorpion (5 damage)
             ... on level 5 of the Dungeon.
             The game lasted 00:03:26 (4439 turns).

kae the Magician (Deep Elf Fire Elementalist)       Turns: 4439, Time: 00:03:26

Health: -3/40      AC:  3    Str:  5    XL:     7   Next: 15%
Magic:  5/17       EV: 11    Int: 22    God:    Vehumet [......]
Gold:   116        SH:  0    Dex: 15    Spells: 4/17 levels left

rFire   . . .        q - staff of conjuration {!a}
rCold   . . .        (no shield)
rNeg    . . .        j - +0 leather armour
rPois   .            (no helmet)
rElec   .            (no cloak)
rCorr   .            (no gloves)
SInv    .            (no boots)
Will    .....        (no amulet)
Stlth   ++           (no ring)
HPRegen 0.26/turn    (no ring)
MPRegen 0.15/turn

%: no passive effects
@: lethally poisoned (-3 -> -23), marked
A: no striking features
a: Renounce Religion


You were on level 5 of the Dungeon.
You worshipped Vehumet.
Vehumet was noncommittal.
You visited 2 branches of the dungeon, and saw 6 of its levels.

You collected 116 gold pieces.


   Skills:
 + Level 2.0 Fighting
 - Level 2.4 Dodging
 - Level 2.4 Stealth
 + Level 5.8 Spellcasting
 + Level 4.1 Conjurations
 + Level 3.4 Hexes
 + Level 5.2 Fire Magic


You had 4 spell levels left.
You knew the following spells:

 Your Spells              Type           Power      Damage    Failure   Level
a - Foxfire               Conj/Fire      100%       2x1d9     2%          1
b - Scorch                Fire           58%        2d7       2%          2
c - Inner Flame           Hex/Fire       25%        N/A       8%          3
d - Volatile Blastmotes   Fire/Tloc      34%        2d12      16%         3
e - Flame Wave            Conj/Fire      40%        2d11      22%         4

Your spell library contained the following spells:

 Spells                   Type           Power      Damage    Failure   Level
 Slow                     Hex            84%        N/A       3%          1
 Jinxbite                 Hex            42%        N/A       5%          2
 Confusing Touch          Hex            21%        N/A       11%         3
 Sigil of Binding         Hex            21%        N/A       11%         3
 Ensorcelled Hibernation  Hex/Ice        28%        N/A       12%         2
 Ignite Poison            Fire/Tmut/Pois 14%        N/A       22%         3
 Sticky Flame             Conj/Fire      40%        2d6       22%         4
 Frozen Ramparts          Ice            12%        1d2       43%         3
 Vampiric Draining        Necr           6%         2d6       43%         3
 Anguish                  Hex/Necr       7%         N/A       58%         4
 Petrify                  Tmut/Erth      6%         N/A       83%         4
 Metabolic Englaciation   Hex/Ice        7%         N/A       91%         5
 Ignition                 Fire           14%        3d6       100%        8

Inventory:

Hand Weapons
 d - a +0 short sword
   (You found it on level 1 of the Dungeon)
 e - a +1 dagger of speed
   (You took it off a goblin on level 1 of the Dungeon)
Missiles
 f - 39 stones
 i - 4 boomerangs
Armour
 a - a +0 robe
 j - a +0 leather armour (worn)
   (You found it on level 1 of the Dungeon)
Magical Staves
 q - a staff of conjuration (weapon) {!a}
   (You acquired it on level 4 of the Dungeon)
Jewellery
 C - a ring of protection from cold
   (You found it on level 5 of the Dungeon)
Wands
 t - a wand of charming (6)
   (You found it on level 3 of the Dungeon)
 u - a wand of flame (13)
   (You found it on level 5 of the Dungeon)
Scrolls
 c - 7 scrolls of teleportation {@r4}
 l - a scroll of enchant weapon
 o - 2 scrolls of immolation {!r!r}
 x - a scroll of identify {@r1}
Potions
 b - 2 potions of magic
 g - 2 potions of heal wounds {@q2}
 h - a potion of invisibility {unknown}
 k - 2 potions of curing {@q1}
 m - a potion of haste {@q3}
 n - 4 potions of brilliance {unknown}
 p - a potion of attraction {unknown}
 r - a potion of mutation {unknown}
 s - a potion of might {unknown}
 v - 2 potions of enlightenment {unknown}
 w - 2 potions of lignification {unknown}

Dungeon Overview and Level Annotations

Branches:
Dungeon (5/15) Zot: 25594  Temple (1/1) D:5 Zot: 5971

Altars:
Ashenzari
Cheibriados
Dithmenos
Elyvilon
Fedhas
Hepliaklqana
Kikubaaqudgha
Makhleb
Okawaru
Qazlal
Ru
Trog
Vehumet
Wu Jian
Xom
Yredelemnul
Zin
The Shining One

Shops:
D:5 =

Annotations:
D:4 Duvessa
D:5 exclusion: black bear

#.######## #.# ###.#
#∩.∩# #...#
#####∩.∩########
..................
.##############.########
.....)s@# #.########
...[..#†# #.##......
##### #.# #.##...).. #.#
#.##...... #.##
#.######## #^.#
#......... ##.####
########## #....# #
####.# #####


You could see a scorpion.


Message History

You hear a shout!
You hear an angry growl.
You hear a bark!
There is a shaft here.
An ogre comes into view. It is wielding a +0 giant club.
An ogre is nearby!
An ogre is nearby!
Casting: Foxfire (safe; 2% risk of failure)
Confirm with . or Enter, or press ? or * to list all spells.
You can't see any susceptible monsters within range! (Use Z to cast anyway.)
Casting: Foxfire (safe; 2% risk of failure)
Confirm with . or Enter, or press ? or * to list all spells.
You can't see any susceptible monsters within range! (Use Z to cast anyway.)
Casting: Foxfire (safe; 2% risk of failure)
Confirm with . or Enter, or press ? or * to list all spells.
You feel a surge of power!
You conjure some foxfire! 😎 MP[-1]
You lost 1 mp, and now have 15/16 mp.
Casting: Foxfire (safe; 2% risk of failure)
Confirm with . or Enter, or press ? or * to list all spells.
Flames lash the ogre.
The ogre's fire resistance burns away.
The foxfire hits the ogre!
The ogre is burned terribly!
The foxfire hits the ogre!
The ogre is burned terribly!
You kill the ogre!
Vehumet accepts your kill.
A scorpion comes into view.
Your Conjurations skill increases to level 4!
You have reached level 7! 😎 HP[+4] MP[-2]
You now have 39 max hp (+4).
Your hp is fully restored (39).
You lost 2 mp, and now have 13/17 mp.
Casting: Scorch (safe; 2% risk of failure)
Confirm with . or Enter, or press ? or * to list all spells.
You feel a surge of power!
You conjure some foxfire!
The foxfire hits the scorpion!
The foxfire hits the scorpion.
A scorpion comes into view.
Casting: Foxfire (safe; 2% risk of failure)
Confirm with . or Enter, or press ? or * to list all spells.
You feel a surge of power!
You conjure some foxfire!
A hound comes into view.
The foxfire hits the scorpion but does no damage.
The foxfire hits the scorpion. 😎 MP[-1]
You lost 1 mp, and now have 12/17 mp.
Casting: Foxfire (safe; 2% risk of failure)
Confirm with . or Enter, or press ? or * to list all spells.
You feel a surge of power!
You conjure some foxfire!
The foxfire hits the scorpion.
The foxfire hits the scorpion. 😎 MP[-1]
You lost 1 mp, and now have 11/17 mp.
Casting: Foxfire (safe; 2% risk of failure)
Confirm with . or Enter, or press ? or * to list all spells.
You feel a surge of power!
You conjure some foxfire!
The foxfire hits the scorpion. 😎 MP[-1]
You lost 1 mp, and now have 10/17 mp.
Unknown command.
Casting: Foxfire (safe; 2% risk of failure)
Confirm with . or Enter, or press ? or * to list all spells.
Flames lash the scorpion.
You kill the scorpion!
Vehumet accepts your kill.
The scorpion stings you but does no damage.
The scorpion stings you.
You are poisoned.
The scorpion poisons you!
Your Fighting skill increases to level 2!
You feel very sick. The scorpion stings you.
You are more poisoned.
The scorpion poisons you! 😮 HP[-13] MP[-1]
You now have 40 max hp (+1).
You take 13 damage, and now have 26/40 hp.
MASSIVE DAMAGE!! (PAUSE)
You lost 1 mp, and now have 9/17 mp.
Casting: Scorch (safe; 2% risk of failure)
Confirm with . or Enter, or press ? or * to list all spells.
Flames lash the hound.
The hound's fire resistance burns away.
You feel very sick. The scorpion stings you.
* * * LOW HITPOINT WARNING * * *
* * * LOW HITPOINT WARNING * * *
You feel very sick. The scorpion stings you.
* * * LOW HITPOINT WARNING * * *
You are more poisoned.
The scorpion poisons you! 😱 HP[-19] MP[-2]
You take 19 damage, and now have 7/40 hp.
MASSIVE DAMAGE!! (PAUSE)
You lost 2 mp, and now have 7/17 mp.
Casting: Scorch (safe; 2% risk of failure)
Confirm with . or Enter, or press ? or * to list all spells.
Flames lash the hound.
The hound is burned terribly!
You kill the hound!
Vehumet accepts your kill.
* * * LOW HITPOINT WARNING * * *
You feel very sick. The scorpion stings you.
You die...

Skill      XL: |  1  2  3  4  5  6  7 |
---------------+----------------------+-----
Conjurations   | 2 3 4 |  4.1
Spellcasting   | 4 5 |  5.8
Fire Magic     | 4 5 |  5.2
Hexes          | 1 2 3 |  3.4
Fighting       | 1 2 |  2.0
Dodging        | |  2.4
Stealth        | |  2.4

Action                     |  1- 3 |  4- 6 |  7- 9 || total
---------------------------+-------+-------+-------++-------
  Melee: Dagger            |     5 |     4 |       ||     9
   Cast: Foxfire           |    92 |   100 |     4 ||   196
         Scorch            |     3 |     5 |     3 ||    11
    Use: Scroll            |     4 |     4 |       ||     8
 Armour: Leather armour    |    11 |    18 |     6 ||    35
         Robe              |     3 |       |       ||     3
  Dodge: Dodged            |    21 |    11 |       ||    32

Levels and vault maps discovered:
D:1:      wander_arrival_lonely_grave, layout_loops_corners,
          hellmonk_ecumenical_altar_leap_of_faith, minmay_crystal_room,
          minmay_split_cup_small
D:2:      layout_loops_cross
D:3:      layout_basic, zin_treasury, nicolae_dithmenos_shadow_blocks
D:4:      wad_river_or_something, layout_layer_cave, nicolae_uskayaw_suspiria,
          dk_noncrumbling_4, uniq_duvessa
D:5:      layout_basic, general_overflow_altar, temple_fountains, serial_shops,
          nicolae_shop_competitors_out_of_business
Temple:   nicolae_temple_slightly_damp_pantheon

Notes
Turn   | Place    | Note
-------+----------+-------------------------------------------
     0 | D:1      | kae the Deep Elf Fire Elementalist began the quest for the
                  | Orb.
     0 | D:1      | Reached XP level 1. HP: 10/10 MP: 6/6
     0 | D:1      | magus.rc [v1.11.3]
   252 | D:1      | Reached XP level 2. HP: 15/15 MP: 4/8
   414 | D:1      | You pick up a book of Debilitation and begin reading...
   414 | D:1      | You add the spells Slow, Sigil of Binding, Vampiric
                  | Draining and Confusing Touch to your library.
   451 | D:1      | Learned a level 2 spell: Scorch
   663 | D:1      | Reached skill level 2 in Conjurations
   872 | D:1      | Reached XP level 3. HP: 16/19 MP: 7/10
  1235 | D:1      | Found a faded altar of an unknown god.
  1579 | D:2      | Reached skill level 4 in Spellcasting
  1579 | D:2      | Reached skill level 4 in Fire Magic
  1895 | D:2      | Reached XP level 4. HP: 24/24 MP: 10/12
  2087 | D:2      | You add the spells Ignite Poison, Sticky Flame and Ignition
                  | to your library.
  2372 | D:3      | Learned a level 3 spell: Inner Flame
  2609 | D:3      | Found a shadowy altar of Dithmenos.
  2663 | D:3      | Reached skill level 1 in Hexes
  2699 | D:3      | Reached skill level 3 in Conjurations
  2699 | D:3      | Reached XP level 5. HP: 28/28 MP: 10/14
  3067 | D:3      | Found a glowing silver altar of Zin.
  3440 | D:4      | Noticed Dowan
  3483 | D:4      | Killed Dowan
  3484 | D:4      | Reached skill level 1 in Fighting
  3484 | D:4      | Reached skill level 5 in Spellcasting
  3484 | D:4      | Reached skill level 2 in Hexes
  3619 | D:4      | Identified a scroll of acquirement
  3619 | D:4      | Acquired a staff of conjuration
  3627 | D:4      | Learned a level 3 spell: Volatile Blastmotes
  3632 | D:4      | Learned a level 4 spell: Flame Wave
  3763 | D:4      | You pick up a book of Sloth and begin reading...
  3763 | D:4      | You add the spells Frozen Ramparts, Petrify and Metabolic
                  | Englaciation to your library.
  3846 | D:4      | Noticed Duvessa
  3874 | D:5      | Entered Level 5 of the Dungeon
  3892 | D:5      | Noticed a black bear
  3979 | D:5      | Found a staircase to the Ecumenical Temple.
  3979 | D:5      | Noticed an ogre
  3989 | D:5      | Killed an ogre
  3990 | D:5      | Reached XP level 6. HP: 34/34 MP: 10/15
  4001 | Temple   | Entered the Ecumenical Temple
  4015 | Temple   | Became a worshipper of Vehumet
  4107 | D:5      | Reached skill level 3 in Hexes
  4107 | D:5      | Reached skill level 5 in Fire Magic
  4285 | D:5      | Found Fuat's Jewellery Shoppe.
  4291 | D:5      | You pick up a book of Dreams and begin reading...
  4291 | D:5      | You add the spells Jinxbite, Ensorcelled Hibernation and
                  | Anguish to your library.
  4426 | D:5      | Reached skill level 4 in Conjurations
  4426 | D:5      | Reached XP level 7. HP: 39/39 MP: 13/17
  4436 | D:5      | Reached skill level 2 in Fighting
  4438 | D:5      | HP: 7/40 [scorpion (6)]
  4439 | D:5      | HP: 2/40 [poisoned by a scorpion]
  4439 | D:5      | Slain by a scorpion

Vanquished Creatures
  2 ogres (D:5)
  A centaur (D:5)
  A scorpion (D:5)
  Dowan (D:4)
  An orc priest (D:3)
  2 hounds (D:5)
  An orc wizard (D:3)
  4 adders
  5 worms
  3 dart slugs
  2 orcs (D:3)
  4 bats
  5 endoplasms
  4 giant cockroaches
  11 goblins
  7 hobgoblins
  8 jackals
  7 kobolds
  7 quokkas
  9 ball pythons
  3 frilled lizards
  6 rats
94 creatures vanquished.

Vanquished Creatures (others)
  320 foxfires
320 creatures vanquished.

Grand Total: 414 creatures vanquished

Table legend:
 A = Non-vault XP
 B = Vault XP
 C = Vault XP percentage of total XP
 D = Non-vault monster count
 E = Vault monster count
 F = Vault count percentage of total count
                 A         B        C        D         E       F
            +---------+---------+-------+---------+---------+-------
      Total |     800 |      86 |   9.7 |      88 |       6 |   6.4
            +---------+---------+-------+---------+---------+-------
        D:1 |      42 |       6 |  12.5 |      25 |       3 |  10.7
        D:2 |      65 |       0 |   0.0 |      25 |       0 |   0.0
        D:3 |     117 |       0 |   0.0 |      16 |       0 |   0.0
        D:4 |      43 |      80 |  65.0 |      15 |       3 |  16.7
        D:5 |     533 |       0 |   0.0 |       7 |       0 |   0.0
            +---------+---------+-------+---------+---------+-------

Skill      XL: |  1  2  3  4  5  6  7 |
---------------+----------------------+-----
Conjurations   | 2 3 4 |  4.1
Spellcasting   | 4 5 |  5.8
Fire Magic     | 4 5 |  5.2
Hexes          | 1 2 3 |  3.4
Fighting       | 1 2 |  2.0
Dodging        | |  2.4
Stealth        | |  2.4

Action                     |  1- 3 |  4- 6 |  7- 9 || total
---------------------------+-------+-------+-------++-------
  Melee: Dagger            |     5 |     4 |       ||     9
   Cast: Foxfire           |    92 |   100 |     4 ||   196
         Scorch            |     3 |     5 |     3 ||    11
    Use: Scroll            |     4 |     4 |       ||     8
 Armour: Leather armour    |    11 |    18 |     6 ||    35
         Robe              |     3 |       |       ||     3
  Dodge: Dodged            |    21 |    11 |       ||    32

Illustrated notes

Table legend:
 A = Kills in this place as a percentage of kills in the entire game.
 B = Kills by you in this place as a percentage of kills by you in the entire game.
 C = Kills by friends in this place as a percentage of kills by friends in the entire game.
 D = Other kills in this place as a percentage of other kills in the entire game.
 E = Experience gained in this place as a percentage of experience gained in the entire game.
 F = Experience gained in this place divided by the number of levels of this place that you have seen.
                   A       B       C       D       E      F
               +-------+-------+-------+-------+-------+----------------------
         Total | 100.0 | 100.0 |   N/A |   N/A | 100.0 | 147.7
       Dungeon | 100.0 | 100.0 |   N/A |   N/A | 100.0 | 177.2
               +-------+-------+-------+-------+-------+----------------------

Table legend: (Time is in decaauts)
 A = Elapsed time spent in this place.
 B = Non-inter-level travel time spent in this place.
 C = Inter-level travel time spent in this place.
 D = Time resting spent in this place.
 E = Time spent auto-exploring this place.
 F = Levels seen in this place.
 G = Mean time per level.
                   A        B        C        D        E       F      G
               +--------+--------+--------+--------+--------+-----+--------+
         Total |   4433 |   4223 |    210 |    143 |   3406 |   6 |  738.8 |
       Dungeon |   4404 |   4222 |    182 |    143 |   3406 |   5 |  880.8 |
        Temple |     28 |      1 |     27 |      0 |      0 |   1 |   28.0 |
               +--------+--------+--------+--------+--------+-----+--------+

Top non-repeatable levels by time:
     D:1: 1316 daAuts
     D:2: 1036 daAuts
     D:3: 949 daAuts
     D:4: 567 daAuts
     D:5: 536 daAuts
  Temple: 28 daAuts
